 Dungeon Crawl Stone Soup version 0.25-a0-1007-g10a8c3caa8 (webtiles) character file.

Game seed: 15469587458015010560, levelgen mode: classic

270 Amnesiac the Chiller (level 6, 0/32 HPs)
             Began as a Deep Elf Ice Elementalist on May 11, 2020.
             Shot with an arrow by a centaur (8 damage)
             ... on level 4 of the Dungeon.
             The game lasted 00:05:05 (1512 turns).

Amnesiac the Chiller (Deep Elf Ice Elementalist)    Turns: 1512, Time: 00:05:05

Health: 0/32       AC:  8    Str:  8    XL:     6   Next: 1%
Magic:  2/15       EV: 14    Int: 22    God:
Gold:   76         SH:  0    Dex: 15    Spells: 4/15 levels left

rFire    . . .     SeeInvis .   a - +0 hunting sling
rCold    . . .     Gourm    .   (no shield)
rNeg     . . .     Faith    .   i - +0 robe
rPois    .         Spirit   .   (no helmet)
rElec    .         Reflect  .   (no cloak)
rCorr    .         Harm     .   (no gloves)
MR       .....                  (no boots)
Stlth    ++........             (no amulet)
HPRegen  0.10/turn              f - +3 ring of strength
MPRegen  0.14/turn              (no ring)

@: icy armour, frozen ramparts
A: no striking features
a: no special abilities


You were on level 4 of the Dungeon.
You were not hungry.

You visited 1 branch of the dungeon, and saw 5 of its levels.

You collected 76 gold pieces.

Inventory:

Hand Weapons
 a - a +0 hunting sling (weapon)
 b - a +0 scimitar
 o - a +2 dire flail of venom
 w - a +0 trident
Missiles
 d - 7 sling bullets
 h - 59 stones (quivered)
Armour
 i - a +0 robe (worn)
Jewellery
 f - a +3 ring of strength (left hand)
Scrolls
 e - a scroll of identify {!r, unknown}
 j - a scroll of random uselessness {!r, unknown}
 l - a scroll of enchant armour {!r, unknown}
 m - a scroll of enchant weapon {!r, unknown}
 n - a scroll of noise {!r, unknown}
Potions
 g - a potion of curing {!q, unknown}
Comestibles
 c - 4 rations
 k - 2 chunks of flesh


   Skills:
 - Level 3.4 Dodging
 - Level 3.0 Stealth
 + Level 5.1 Spellcasting
 * Level 6.6 Ice Magic


You had 4 spell levels left.
You knew the following spells:

 Your Spells              Type           Power        Failure   Level  Hunger
a - Freeze                Ice            ####         1%          1    None
b - Frozen Ramparts       Ice            #####.       1%          3    ##.....
c - Summon Ice Beast      Ice/Summ       ###.....     26%         4    ####...
z - Ozocubu's Armour      Chrm/Ice       ###.....     8%          3    ##.....

Your spell library contained the following spells:

 Spells                   Type           Power        Failure   Level  Hunger
 Hailstorm                Conj/Ice       ###.....     26%         4    ####...


Dungeon Overview and Level Annotations

Branches:
Dungeon (5/15)
 Temple: D:4-7

Altars:


Message History

A worm and a centaur come into view.
The centaur shouts!
You hear a shout!
The centaur wields a +0 shortbow.
The centaur shoots an arrow.
The arrow closely misses you.
A giant cockroach comes into view.
An adder comes into view.
The adder hisses angrily.
Found a runed falchion.
You see here an arrow.
The centaur shoots an arrow.
The arrow hits you.
A worker ant comes into view.
You see here 27 arrows.
Casting: Ozocubu's Armour (quite dangerous; 9% risk of failure)
Confirm with . or Enter, or press ? or * to list all spells.
The walls around you are covered in ice.
The wall freezes the worker ant.
The wall freezes the adder but do no damage.
The wall freezes the worm.
The worm misses you.
Casting: Frozen Ramparts (dangerous; 2% risk of failure)
Confirm with . or Enter, or press ? or * to list all spells.
A film of ice covers your body!
The wall freezes the worker ant.
The wall freezes the adder.
The centaur shoots an arrow.
The arrow hits you!
* * * LOW HITPOINT WARNING * * *
The wall freezes the adder.
The adder seems to slow down.
The wall freezes the worker ant.
Casting: Ozocubu's Armour (quite dangerous; 9% risk of failure)
Confirm with . or Enter, or press ? or * to list all spells.
A chill wind blows around you.
The centaur shoots an arrow.
The arrow hits your ice beast.
The wall freezes the adder.
The adder seems to slow down.
The centaur shoots an arrow.
The arrow hits your ice beast!
The wall freezes the worm.
The worm bites you.
* * * LOW HITPOINT WARNING * * *
The wall freezes the worker ant!
The wall freezes the adder!
You kill the adder!
Your Spellcasting skill increases to level 5!
Casting: Summon Ice Beast (potentially lethal; 28% risk of failure)
Confirm with . or Enter, or press ? or * to list all spells.
Aiming: Freeze (safe; 1% risk of failure)
Press: ? - help, Shift-Dir - straight line, f - worm
Aim: a worm (moderately wounded)
You freeze the worm.
The worm is severely wounded.
The centaur shoots an arrow.
The arrow completely misses your ice beast.
The arrow barely misses you.
The wall freezes the worker ant.
You kill the worker ant!
You have reached level 6!
Your experience leads to an increase in your attributes!
Your base attributes are Str 5, Int 21, Dex 15.
Increase (s)trength, (i)ntelligence, or (d)exterity?
You feel clever.
Unknown command.
Casting: Freeze (safe; 1% risk of failure)
Confirm with . or Enter, or press ? or * to list all spells.
Aiming: Freeze (safe; 1% risk of failure)
Press: ? - help, Shift-Dir - straight line, f/p - worm
Aim: a worm (severely wounded)
You freeze the worm.
The worm is severely wounded.
The centaur shoots an arrow.
The arrow hits your ice beast.
The wall freezes the worm.
The worm bites you.
* * * LOW HITPOINT WARNING * * *
The centaur shoots an arrow.
The arrow misses your ice beast. The arrow hits you!
You die...

############
#@w(........
#Y##.#.##.#
#(##.#.##.###
##.##.w.w.....
#######
#####.c##.#.#.##.#
......#
###...#.....#.S.
......#
#........##.#.#.#
......#
#........##...#ac.
......#
#........##.#....).


You could see a centaur, a worm and a friendly ice beast (summoned).

Vanquished Creatures
  Edmund (D:4)
  A bullfrog skeleton (D:4)
  3 worker ants (D:4)
  A worker ant zombie (D:4)
  2 adders (D:4)
  An ooze (D:3)
  A dart slug (D:1)
  4 leopard geckos
  An orc (D:4)
  A giant cockroach (D:1)
  3 goblins
  2 hobgoblins
  2 jackals (D:1)
  2 kobolds
  4 bats
  2 frilled lizards (D:1)
  2 rats
33 creatures vanquished.

Notes
Turn   | Place    | Note
-------+----------+-------------------------------------------
     0 | D:1      | Amnesiac the Deep Elf Ice Elementalist began the quest for
                  | the Orb.
     0 | D:1      | Reached XP level 1. HP: 10/10 MP: 6/6
    61 | D:1      | Reached XP level 2. HP: 8/15 MP: 0/8
   915 | D:2      | Reached skill level 5 in Ice Magic
   974 | D:3      | Reached XP level 3. HP: 19/19 MP: 7/10
   979 | D:3      | Learned a level 3 spell: Frozen Ramparts
   983 | D:3      | Learned a level 3 spell: Ozocubu's Armour
  1098 | D:4      | Reached XP level 4. HP: 16/24 MP: 4/12
  1106 | D:4      | Learned a level 4 spell: Summon Ice Beast
  1196 | D:5      | Entered Level 5 of the Dungeon
  1203 | D:4      | Noticed Edmund
  1221 | D:4      | Killed Edmund
  1221 | D:4      | Reached skill level 6 in Ice Magic
  1221 | D:4      | Reached XP level 5. HP: 17/28 MP: 7/14
  1497 | D:4      | Noticed a centaur
  1510 | D:4      | Reached skill level 5 in Spellcasting
  1511 | D:4      | Reached XP level 6. HP: 13/32 MP: 3/15
  1512 | D:4      | Shot with an arrow by a centaur

Illustrated notes

Levels and vault maps discovered:
D:1:      psy_arrival_conway, layout_rooms, interstate_on_off,
          kennysheep_nondescript
D:2:      minmay_wonky_spiral, layout_loops_ring, ashenzari_altar_1,
          first_ration
D:3:      kb_forest_paths, layout_basic, yredelemnul_altar_generic,
          lemuel_round_altar, lightli_temple_of_fire,
          nemelex_xobeh_ov_fountains_minmay, serial_rivers,
          chequers_serial_rivers_large_b, chequers_serial_rivers_micro_c,
          chequers_serial_rivers_micro_a, chequers_serial_rivers_small_3,
          chequers_serial_rivers_micro_a
D:4:      layout_basic, marbit_many_paths, minmay_diced_spiral, uniq_edmund
D:5:      layout_loops_cross, okawaru_metal_pillars_1_2, st_stairs_10

Skill      XL: |  1  2  3  4  5 |
---------------+----------------+-----
Stealth        | 3 |  3.0
Ice Magic      | 5 6 |  6.6
Spellcasting   | 4 5 |  5.1
Dodging        | 3 |  3.4

Action                   |  1- 3 |  4- 6 || total
-------------------------+-------+-------++-------
Melee: Unarmed           |     8 |       ||     8
       Scimitar          |     2 |       ||     2
       Dire flail        |       |     7 ||     7
 Fire: Hunting sling     |    15 |     3 ||    18
Throw: Stone             |     1 |       ||     1
 Cast: Freeze            |    30 |     6 ||    36
       Frozen Ramparts   |     2 |     4 ||     6
       Ozocubu's Armour  |       |     2 ||     2
       Summon Ice Beast  |       |     1 ||     1
  Eat: Chunk             |       |     2 ||     2
Armor: Robe              |     5 |     3 ||     8
Dodge: Dodged            |    25 |    10 ||    35
       Rpst.: Scimitar   |     3 |       ||     3

Table legend:
 A = Non-vault XP
 B = Vault XP
 C = Vault XP percentage of total XP
 D = Non-vault monster count
 E = Vault monster count
 F = Vault count percentage of total count
                 A         B        C        D         E       F
            +---------+---------+-------+---------+---------+-------
      Total |     224 |     163 |  42.1 |      31 |       2 |   6.1
            +---------+---------+-------+---------+---------+-------
        D:1 |      28 |       0 |   0.0 |      14 |       0 |   0.0
        D:2 |      10 |       0 |   0.0 |       6 |       0 |   0.0
        D:3 |      11 |       0 |   0.0 |       3 |       0 |   0.0
        D:4 |     175 |     163 |  48.2 |       8 |       2 |  20.0
            +---------+---------+-------+---------+---------+-------
